 Dungeon Crawl Stone Soup version 0.23-a0-164-g7711e57 (webtiles) character file.

15 Amnesiac the Chiller (level 2, 0/19 HPs)
             Began as a Mummy Ice Elementalist on Sept 9, 2018.
             Slain by an adder (1 damage)
             ... on level 3 of the Dungeon.
             The game lasted 00:01:06 (488 turns).

Amnesiac the Chiller (Mummy Ice Elementalist)        Turns: 488, Time: 00:01:06

Health: 0/19       AC:  2    Str: 11    XL:     2   Next: 34%
Magic:  2/6        EV: 12    Int: 14    God:
Gold:   58         SH:  0    Dex: 12    Spells: 6/7 levels left

rFire    x . .     SeeInvis .   b - +0 hand axe
rCold    + . .     Gourm    .   (no shield)
rNeg     + + +     Faith    .   a - +0 robe
rPois    ∞         Spirit   .   (no helmet)
rElec    .         Reflect  .   (no cloak)
rCorr    .         Harm     .   (no gloves)
MR       .....                  (no boots)
Stlth    ++........             (no amulet)
HPRegen  0.06/turn              (no ring)
MPRegen  0.10/turn              (no ring)

@: very slightly contaminated
A: no food or potions, fire vulnerability, cold resistance 1, negative energy
resistance 3, torment resistance, unbreathing
a: no special abilities


You were on level 3 of the Dungeon.
You were not hungry.

You visited 1 branch of the dungeon, and saw 4 of its levels.

You collected 58 gold pieces.

Inventory:

Hand Weapons
 b - a +0 hand axe (weapon)
Armour
 a - a +0 robe (worn)
 e - a +0 ring mail
Scrolls
 c - a scroll of enchant armour {!r, unknown}
 d - a scroll of teleportation {!r, unknown}


   Skills:
 - Level 1.5 Dodging
 - Level 1.5 Stealth
 + Level 3.0 Spellcasting
   Level 0.7 Conjurations
 * Level 3.0 Ice Magic


You had 6 spell levels left.
You knew the following spells:

 Your Spells              Type           Power        Failure   Level  Hunger
a - Freeze                Ice            ##..         6%          1    N/A

Your spell library contained the following spells:

 Spells                   Type           Power        Failure   Level  Hunger
 Throw Frost              Conj/Ice       #.....       16%         2    N/A
 Ozocubu's Armour         Chrm/Ice       #.......     34%         3    N/A
 Throw Icicle             Conj/Ice       #.......     69%         4    N/A
 Summon Ice Beast         Ice/Summ       #.......     75%         4    N/A

Dungeon Overview and Level Annotations

Branches:
Dungeon (4/15)
 Temple: D:4-7

Altars:
Okawaru


Innate Abilities, Weirdness & Mutations

You do not eat or drink.
Your flesh is vulnerable to fire.
You are immune to poison.
Your flesh is cold resistant. (rC+)
You are immune to negative energy. (rN+++)
You are immune to unholy pain and torment.
You can survive without breathing.


Message History

Confirm with . or Enter, or press ? or * to list all spells.
You can't see any susceptible monsters within range! (Use Z to cast anyway.)
You start resting.
Magic restored.
You start resting.
HP restored.
An orc comes into view. It is wielding a hand axe.
An orc is nearby! 2 orcs come into view.
The orc shouts! x3
The orc hits you with a hand axe.
The orc throws a tomahawk.
The tomahawk hits you!
* * * LOW HITPOINT WARNING * * *
You see here a tomahawk.
Casting: Freeze (safe; 6% risk of failure)
Confirm with . or Enter, or press ? or * to list all spells.
Aiming: Freeze (safe; 6% risk of failure)
Press: ? - help, Shift-Dir - straight line, f - orc
Aim: an orc, wielding a hand axe and wearing a chain mail You freeze the orc.
The orc is severely wounded.
The orc throws a tomahawk.
The tomahawk closely misses you. The orc hits you with a hand axe.
* * * LOW HITPOINT WARNING * * *
Casting: Freeze (safe; 6% risk of failure)
Confirm with . or Enter, or press ? or * to list all spells.
Aiming: Freeze (safe; 6% risk of failure)
Press: ? - help, Shift-Dir - straight line, f/p - orc
Aim: an orc, wielding a hand axe and wearing a chain mail (severely wounded)
You freeze the orc.
You kill the orc!
Your Spellcasting skill increases to level 3!
The orc throws a tomahawk.
The tomahawk closely misses you.
An adder comes into view.
The adder hisses angrily.
Casting: Freeze (safe; 6% risk of failure)
Confirm with . or Enter, or press ? or * to list all spells.
Aiming: Freeze (safe; 6% risk of failure)
Press: ? - help, Shift-Dir - straight line, f - adder
Aim: an adder You freeze the adder.
The adder seems to slow down.
The adder is heavily wounded.
The adder closely misses you.
The orc throws a tomahawk.
The tomahawk misses you.
You see here a tomahawk.
The adder is no longer moving slowly.
Casting: Freeze (safe; 6% risk of failure)
Confirm with . or Enter, or press ? or * to list all spells.
Aiming: Freeze (safe; 6% risk of failure)
Press: ? - help, Shift-Dir - straight line, f/p - adder
Aim: an adder (heavily wounded)
You miscast Freeze.
You are very lightly contaminated with residual magic.
You shiver with cold.
The adder bites you.
* * * LOW HITPOINT WARNING * * *
Casting: Freeze (safe; 6% risk of failure)
Confirm with . or Enter, or press ? or * to list all spells.
Aiming: Freeze (safe; 6% risk of failure)
Press: ? - help, Shift-Dir - straight line, f/p - adder
Aim: an adder (heavily wounded)
You freeze the adder.
The adder seems to slow down.
The adder is heavily wounded.
The adder bites you.
You die...

###
########.#
#...o.oS.#
######
#.######@#
#)(..# #.#
#.# #.##o#
#.# #.# #.
#.# #o#
#†# #o
#.####o#
#.# ## #o
#.oo...#
#.####..
#.
#####..#
#.#... #.
#..#
#.#.####
#. #..#
##......#


You could see an adder and 2 orcs.

Vanquished Creatures
  A dart slug (D:1)
  2 orcs
  A giant cockroach (D:3)
  2 quokkas (D:3)
  A bat (D:1)
  3 kobolds (D:1)
  2 rats
12 creatures vanquished.

Notes
Turn   | Place    | Note
-------+----------+-------------------------------------------
     0 | D:1      | Amnesiac the Mummy Ice Elementalist began the quest for the
                  | Orb.
     0 | D:1      | Reached XP level 1. HP: 13/13 MP: 4/4
   282 | D:3      | Reached XP level 2. HP: 19/19 MP: 3/5
   283 | D:3      | Found an iron altar of Okawaru.
   488 | D:3      | Slain by an adder

Vault maps used:
D:1:      lemuel_arrival_behind_the_door_large, serial_bayou_crossing
D:3:      okawaru_trees_1
D:4:      uniq_blork_the_orc

Skill      XL: |  1  2 |
---------------+-------+-----
Ice Magic      | 3 |  3.0
Spellcasting   | 3 |  3.0
Dodging        | |  1.5
Stealth        | |  1.5
Conjurations   | |  0.7

Action                   || total
-------------------------++-------
Melee: Unarmed           ||     4
       Hand axe          ||     3
 Cast: Freeze            ||    22
Armor: Robe              ||     5
Dodge: Dodged            ||    27

Table legend:
 A = Non-vault XP
 B = Vault XP
 C = Vault XP percentage of total XP
 D = Non-vault monster count
 E = Vault monster count
 F = Vault count percentage of total count
                 A         B        C        D         E       F
            +---------+---------+-------+---------+---------+-------
      Total |      22 |       0 |   0.0 |      12 |       0 |   0.0
            +---------+---------+-------+---------+---------+-------
        D:1 |       9 |       0 |   0.0 |       6 |       0 |   0.0
        D:2 |       1 |       0 |   0.0 |       1 |       0 |   0.0
        D:3 |       9 |       0 |   0.0 |       4 |       0 |   0.0
        D:4 |       3 |       0 |   0.0 |       1 |       0 |   0.0
            +---------+---------+-------+---------+---------+-------
